 Dungeon Crawl Stone Soup version 0.23-a0-402-g64599a1 (webtiles) character file.

380 MisterFreud the Covert (level 6, -9/49 HPs)
             Began as a Naga Fire Elementalist on Nov 4, 2018.
             Was a Follower of Cheibriados.
             Mangled by a gnoll
             ... wielding a +0 flail
              (11 damage)
             ... on level 3 of the Dungeon.
             The game lasted 00:14:44 (2806 turns).

MisterFreud the Covert (Naga Fire Elementalist)     Turns: 2806, Time: 00:14:44

Health: -9/49      AC:  4    Str: 13    XL:     6   Next: 75%
Magic:  5/9        EV: 10    Int: 21    God:    Cheibriados [*.....]
Gold:   180        SH:  0    Dex: 14    Spells: 1/9 levels left

rFire    . . .     SeeInvis +   b - +1 dagger (venom)
rCold    . . .     Gourm    .   (no shield)
rNeg     . . .     Faith    .   a - +1 robe
rPois    +         Spirit   .   (no helmet)
rElec    .         Reflect  .   (no cloak)
rCorr    .         Harm     .   (no gloves)
MR       .....                  (no barding)
Stlth    ++++......             r - amulet of the acrobat
HPRegen  0.16/turn              (no ring)
MPRegen  0.11/turn              (no ring)

@: very slow
A: large, see invisible, deformed body, poison resistance, slowness 2, slow
metabolism 1, spit poison 1, AC +2
a: Spit Poison, Bend Time, Renounce Religion


You were on level 3 of the Dungeon.
You worshipped Cheibriados.
Cheibriados was aware of your devotion.
You were hungry.

You visited 1 branch of the dungeon, and saw 4 of its levels.

You collected 180 gold pieces.

Inventory:

Hand Weapons
 b - a +1 dagger of venom (weapon)
Missiles
 e - 17 arrows
 f - 27 bolts
 m - 2 tomahawks
 n - 28 stones (quivered)
 t - 16 poisoned needles
Armour
 a - a +1 robe (worn)
Jewellery
 r - an amulet of the acrobat (around neck)
Wands
 j - a wand of flame (11)
Scrolls
 i - 2 scrolls of teleportation
 p - 3 scrolls of remove curse
Potions
 d - a potion of curing {unknown}
 g - a potion of heal wounds {unknown}
 h - a potion of berserk rage {unknown}
 k - a potion of magic {unknown}
 l - 2 potions of flight {unknown}
 o - a potion of might {unknown}
 q - a potion of lignification {unknown}
Comestibles
 c - 6 rations


   Skills:
 - Level 1.5 Dodging
 - Level 8.1 Stealth
 - Level 2.0 Spellcasting
 + Level 4.6 Conjurations
 * Level 3.0 Fire Magic


You had one spell level left.
You knew the following spells:

 Your Spells              Type           Power        Failure   Level  Hunger
a - Flame Tongue          Conj/Fire      ###..        3%          1    #......
b - Conjure Flame         Conj/Fire      ###.....     10%         3    ###....
c - Sticky Flame          Conj/Fire      ###.....     30%         4    #####..

Your spell library contained the following spells:

 Spells                   Type           Power        Failure   Level  Hunger
 Throw Flame              Conj/Fire      ###...       4%          2    ##.....
 Inner Flame              Hex/Fire       #.......     24%         3    ###....
 Fireball                 Conj/Fire      ###.......   65%         5    ######.


Dungeon Overview and Level Annotations

Branches:
Dungeon (4/15)
 Temple: D:4-7

Altars:
Cheibriados
Nemelex Xobeh
Zin


Innate Abilities, Weirdness & Mutations

You cannot wear boots.
Your serpentine skin is tough. (AC +2)
You have supernaturally acute eyesight. (SInv)
Armour fits poorly on your strangely shaped body.
Your system is resistant to poisons. (rPois)
You cover ground very slowly.
You have a slow metabolism.
You can spit poison.


Message History

Unknown command.
Unknown command.
Casting: Flame Tongue (safe; 3% risk of failure)
Confirm with . or Enter, or press ? or * to list all spells.
Aiming: Flame Tongue (safe; 3% risk of failure)
Press: ? - help, Shift-Dir - straight line, f/p - gnoll
Aim: a gnoll, wielding a +0 flail (heavily wounded)
The flame tongue hits the gnoll.
The gnoll is almost dead.
The gnoll hits you with a +0 flail!
* * * LOW HITPOINT WARNING * * *
Casting: Flame Tongue (safe; 3% risk of failure)
Confirm with . or Enter, or press ? or * to list all spells.
Aiming: Flame Tongue (safe; 3% risk of failure)
Press: ? - help, Shift-Dir - straight line, f/p - gnoll
Aim: a gnoll, wielding a +0 flail (almost dead)
The flame tongue hits the gnoll.
The gnoll appears unharmed.
The gnoll is almost dead.
The gnoll hits you with a +0 flail!
You die...

##### #.#.### #.#....
#.#.### #...... #.#.###
#.#.# ##### ######.#.#
#.@g####....#[#.# ###
#......#....#.#.# ..#
#......#....#.#.# ..#
#......#......#.# ..#
#......##'#.#.#.# ###
#########...[..##.#.....#
#...............#+###.###
#.######..............#
#.# #.................#


You could see a gnoll.

Vanquished Creatures
  Grinder (D:4)
  A centaur zombie (D:2)
  An iguana (D:4)
  3 adders
  An ooze (D:2)
  2 worms (D:2)
  A dart slug (D:1)
  3 leopard geckos
  3 orcs (D:3)
  3 giant cockroaches
  8 goblins
  8 hobgoblins
  3 jackals
  7 kobolds
  2 quokkas
  11 bats
  8 frilled lizards
  8 rats
74 creatures vanquished.

Notes
Turn   | Place    | Note
-------+----------+-------------------------------------------
     0 | D:1      | MisterFreud the Naga Fire Elementalist began the quest for
                  | the Orb.
     0 | D:1      | Reached XP level 1. HP: 15/15 MP: 3/3
   235 | D:2      | Reached skill level 4 in Stealth
   235 | D:2      | Reached XP level 2. HP: 22/22 MP: 0/5
   371 | D:2      | Reached skill level 5 in Stealth
   371 | D:2      | Reached XP level 3. HP: 28/28 MP: 2/6
   681 | D:2      | Reached skill level 6 in Stealth
   681 | D:2      | Reached XP level 4. HP: 32/36 MP: 2/7
   745 | D:1      | Learned a level 3 spell: Conjure Flame
   812 | D:1      | Reached skill level 7 in Stealth
  1851 | D:2      | Found a snail-covered altar of Cheibriados.
  1860 | D:2      | Became a worshipper of Cheibriados the Contemplative
  1866 | D:2      | Found a glowing silver altar of Zin.
  2007 | D:2      | Found a sparkling altar of Nemelex Xobeh.
  2181 | D:2      | Reached XP level 5. HP: 34/42 MP: 2/8
  2275 | D:3      | Reached skill level 8 in Stealth
  2284 | D:3      | Learned a level 4 spell: Sticky Flame
  2355 | D:3      | Reached * piety under Cheibriados
  2389 | D:3      | Found a faded altar of an unknown god.
  2752 | D:4      | Noticed Grinder
  2752 | D:4      | Paralysed by Grinder for 3 turns
  2766 | D:4      | Killed Grinder
  2766 | D:4      | Reached XP level 6. HP: 19/49 MP: 2/9
  2805 | D:3      | HP: 2/49 [gnoll/+0 flail (7)]
  2806 | D:3      | Mangled by a gnoll

Vault maps used:
D:1:      ncdulo_watergridlock
D:2:      minmay_overflow_temple_star_quad, nemelex_altar_shiori, first_ration
D:3:      chequers_ecumenical_altar_simple
D:4:      serial_shops, shop, uniq_grinder

Skill      XL: |  1  2  3  4  5 |
---------------+----------------+-----
Stealth        | 4 5 6 7 8 |  8.1
Conjurations   | 4 |  4.6
Dodging        | |  1.5
Spellcasting   | |  2.0
Fire Magic     | |  3.0

Action                   |  1- 3 |  4- 6 || total
-------------------------+-------+-------++-------
Melee: Dagger            |     6 |    76 ||    82
 Cast: Flame Tongue      |    21 |    26 ||    47
       Sticky Flame      |       |     1 ||     1
 Abil: Spit Poison       |    16 |    25 ||    41
Evoke: Wand              |       |     1 ||     1
  Use: Scroll            |       |     7 ||     7
 Stab: Sleeping          |     5 |    15 ||    20
  Eat: Chunk             |       |     7 ||     7
Armor: Robe              |     5 |    43 ||    48
Dodge: Dodged            |    26 |    96 ||   122

Table legend:
 A = Non-vault XP
 B = Vault XP
 C = Vault XP percentage of total XP
 D = Non-vault monster count
 E = Vault monster count
 F = Vault count percentage of total count
                 A         B        C        D         E       F
            +---------+---------+-------+---------+---------+-------
      Total |     253 |     290 |  53.4 |      73 |       1 |   1.4
            +---------+---------+-------+---------+---------+-------
        D:1 |      50 |       0 |   0.0 |      30 |       0 |   0.0
        D:2 |     123 |       0 |   0.0 |      26 |       0 |   0.0
        D:3 |      43 |       0 |   0.0 |      15 |       0 |   0.0
        D:4 |      37 |     290 |  88.7 |       2 |       1 |  33.3
            +---------+---------+-------+---------+---------+-------
